 Dungeon Crawl Stone Soup version 0.28.0-45-g0d030f2227 (webtiles) character file.

Game seed: 6119414205076088864

47 Danqa the Skirmisher (level 3, -3/30 HPs)
             Began as a Barachi Fighter on Apr 11, 2022.
             Slain by a hobgoblin (4 damage)
             ... led by Robin
             ... on level 2 of the Dungeon.
             The game lasted 00:02:00 (1200 turns).

Danqa the Skirmisher (Barachi Fighter)              Turns: 1200, Time: 00:02:01

Health: -3/30      AC:  7    Str: 19    XL:     3   Next: 70%
Magic:  3/3        EV:  9    Int:  8    God:
Gold:   48         SH:  4    Dex: 11    Spells: 2/2 levels left

rFire   . . .      SeeInvis .   a - +0 long sword
rCold   . . .      Faith    .   c - +0 buckler
rNeg    . . .      Spirit   .   b - +0 scale mail
rPois   .          Reflect  .   (no helmet)
rElec   .          Harm     .   (no cloak)
rCorr   .          Rampage  .   (no gloves)
Will    .....                   (no boots)
Stlth   ..........              (no amulet)
HPRegen 0.10/turn               (no ring)
MPRegen 0.08/turn               (no ring)

@: slow
A: amphibious, slowness 1, strong legs 1, +LOS
a: Hop


You were on level 2 of the Dungeon.
You visited 1 branch of the dungeon, and saw 2 of its levels.

You collected 48 gold pieces.

Inventory:

Hand Weapons
 a - a +0 long sword (weapon)
Armour
 b - a +0 scale mail (worn)
 c - a +0 buckler (worn)
Scrolls
 e - a scroll of fear {unknown}
 h - a scroll of immolation {unknown}
Potions
 d - a potion of might
 f - a potion of cancellation {unknown}
 g - a potion of curing {unknown}
 i - a potion of flight {unknown}


   Skills:
 + Level 4.2 Fighting
 + Level 3.2 Long Blades
 + Level 4.0 Armour
 + Level 1.0 Dodging
 + Level 0.1 Stealth
 + Level 3.5 Shields


You had 2 spell levels left.
You didn't know any spells.
Your spell library contained the following spells:

 Spells                   Type           Power      Damage    Failure   Level
 Shock                    Conj/Air       0%         1d3       86%         1
 Swiftness                Air            0%         N/A       99%         3
 Airstrike                Air            0%         N/A       100%        4


Dungeon Overview and Level Annotations

Branches:
Dungeon (2/15)

Altars:

Annotations:
D:2 Robin, Sigmund


Innate Abilities, Weirdness & Mutations

You are amphibious.
You cover ground slowly.
You can hop short distances.
You have an extended range of vision and can be seen from far away.


Message History

The hobgoblin hits you but does no damage.
You hit the hobgoblin.
You kill the hobgoblin!
Your Armour skill increases to level 4!
You hit the hobgoblin.
The hobgoblin is moderately wounded.
The hobgoblin hits you but does no damage.
You closely miss the hobgoblin.
The hobgoblin is moderately wounded.
The goblin shouts!
The hobgoblin barely misses you. Robin throws the goblin at you!
The hobgoblin hits you but does no damage.
You barely miss the hobgoblin.
The hobgoblin is moderately wounded.
Sigmund gestures wildly while chanting.
Sigmund flickers and vanishes!
Deactivating autopickup; reactivate with Ctrl-A.
The goblin closely misses you. The hobgoblin hits you.
The goblin hits you with a +0 club.
You hit the hobgoblin.
You kill the hobgoblin!
The goblin hits you but does no damage. Robin throws the goblin at you!
You closely miss the goblin. The goblin hits you but does no damage.
The hobgoblin barely misses you. The goblin hits you but does no damage.
Robin roars a battlecry!
The goblins go into a battle-frenzy!
The goblin closely misses you.
You hit the goblin.
The goblin is severely wounded.
The hobgoblin barely misses you. The goblin hits you but does no damage.
Something hits you. The goblin hits you with a +0 club.
* * * LOW HITPOINT WARNING * * *
You block the hobgoblin's attack.
You are too injured to fight recklessly!
You slash the goblin!
You kill the goblin!
You block the goblin's attack. Something hits you.
* * * LOW HITPOINT WARNING * * *
The hobgoblin hits you.
You die...

# #.# #..#
..##.####.####..#
.@.ggg....##..<.#
#g...gg......##
#.####g#......####
#......._...####
#.<............#
#######.g#.###.##.##.#
#...)@ggg..# #.##.##.#
#.##g##g#### #.##.##.#
#.##.# #.##.##.#
#)##.# #....##.#
#.##.## ####.....
#.#.#.########.#>##
#..###....(........
#.## ##.......##(##
#..###.#########.#


You could see Robin, 2 hobgoblins and 3 goblins.

Vanquished Creatures
  A gnoll (D:1)
  4 endoplasms
  2 giant cockroaches (D:1)
  7 goblins
  4 hobgoblins
  6 jackals (D:1)
  3 ball pythons
  A frilled lizard (D:1)
  2 kobolds (D:1)
  4 rats
34 creatures vanquished.

Notes
Turn   | Place    | Note
-------+----------+-------------------------------------------
     0 | D:1      | Danqa the Barachi Fighter began the quest for the Orb.
     0 | D:1      | Reached XP level 1. HP: 18/18 MP: 1/1
    60 | D:1      | Reached XP level 2. HP: 14/25 MP: 2/2
   477 | D:1      | Reached XP level 3. HP: 30/30 MP: 3/3
   793 | D:1      | Reached skill level 1 in Dodging
  1034 | D:2      | Found a faded altar of an unknown god.
  1172 | D:2      | Noticed Robin
  1175 | D:2      | Noticed Sigmund
  1200 | D:2      | HP: 1/30 [something (6)]
  1200 | D:2      | Slain by a hobgoblin

Illustrated notes

Levels and vault maps discovered:
D:1:      nicolae_arrival_somewhat_less_tricky_arrival, layout_basic
D:2:      layout_loops_ring, serial_shops, shop, basic_ecumenical_altar,
          minmay_splitting_lines, uniq_sigmund, uniq_robin

Skill      XL: |  1  2  3 |
---------------+----------+-----
Fighting       | 4 |  4.2
Long Blades    | 3 |  3.2
Dodging        | 1 |  1.0
Armour         | 4 |  4.0
Stealth        | |  0.1
Shields        | |  3.5

Action                   || total
-------------------------++-------
Melee: Long sword        ||   111
Armor: Scale mail        ||    75
Dodge: Dodged            ||    62
Block: Buckler           ||    31
